 Dungeon Crawl Stone Soup version 0.29.1-2-gbd0b4ee654 (webtiles) character file.

Game seed: 8267481829571361780

13918 snek11 the Eclecticist (level 11, -9/55 HPs)
             Began as a Deep Elf Conjurer on Nov 15, 2022.
             Was a Believer of Vehumet.
             Succumbed to a cane toad's poison
             ... on level 11 of the Dungeon on Nov 16, 2022.
             The game lasted 03:25:58 (31390 turns).

snek11 the Eclecticist (Deep Elf Conjurer)         Turns: 31390, Time: 03:25:58

Health: -9/55      AC: 12    Str:  4    XL:     11   Next: 81%
Magic:  32/32      EV: 13    Int: 28    God:    Vehumet [**....]
Gold:   488        SH:  0    Dex: 13    Spells: 3/40 levels left

rFire   . . .      SeeInvis .   f - staff of air
rCold   . . .      Faith    .   (no shield)
rNeg    + . .      Spirit   .   T - +6 leather armour of the Lost Mouths {rElec rN+ rCorr Stlth-}
rPois   .          Reflect  .   (no helmet)
rElec   +          Harm     .   e - +2 cloak
rCorr   +          Rampage  .   (no gloves)
Will    +....                   (no boots)
Stlth   ++........              (no amulet)
HPRegen 0.18/turn               k - ring of flight
MPRegen 0.23/turn               c - ring of resist corrosion

@: lethally poisoned (-9 -> -70), flying
A: no striking features
a: Renounce Religion


You were on level 11 of the Dungeon.
You worshipped Vehumet.
Vehumet was pleased with you.
You visited 2 branches of the dungeon, and saw 13 of its levels.

You collected 603 gold pieces.
You spent 115 gold pieces at shops.

Inventory:

Hand Weapons
 g - a +0 spear
 D - a +1 shortbow
 F - a +2 hand axe of flaming
 G - a +5 short sword of freezing
 K - a +1 short sword of flaming
 L - a +1 dagger of distortion
 M - the +8 hand axe "Uplinouv" {vorpal, rElec rF+}
   (You found it on level 9 of the Dungeon)

   It inflicts extra damage upon your enemies.
   rF:        It protects you from fire.
   rElec:     It insulates you from electricity.
 R - a +1 vampiric dagger
Missiles
 P - 13 stones
Armour
 a - a +0 robe
 e - a +2 cloak (worn)
 E - a +0 robe
 H - the +7 Kryia's mail coat {PotionHeal*2 rC+}
   (You acquired it on level 7 of the Dungeon)

   Potions are twice as effective at healing its wearer.
   rC:        It protects you from cold.
 N - a +2 robe
 S - a +0 troll leather armour
 T - the +6 leather armour of the Lost Mouths (worn) {rElec rN+ rCorr Stlth-}
   (You found it on level 11 of the Dungeon)

   rElec:     It insulates you from electricity.
   rN:        It protects you from negative energy.
   rCorr:     It protects you from acid and corrosion.
   Stlth:     It makes you less stealthy.
Magical Staves
 f - a staff of air (weapon)
Jewellery
 c - a ring of resist corrosion (right hand)
 k - a ring of flight (left hand)
Wands
 j - a wand of charming (7)
 t - a wand of digging (8)
 u - a wand of roots (28)
 y - a wand of flame (14)
Scrolls
 b - a scroll of silence
 d - 7 scrolls of teleportation
 i - a scroll of brand weapon
 l - a scroll of fog
 m - 2 scrolls of noise
 n - 2 scrolls of amnesia
 o - a scroll of fear
 q - 3 scrolls of magic mapping
 r - 3 scrolls of enchant weapon
 v - a scroll of torment
 w - a scroll of immolation
 C - a scroll of blinking
Potions
 h - a potion of attraction
 p - 2 potions of brilliance
 s - a potion of ambrosia
 x - a potion of might
 z - 2 potions of heal wounds
 A - 2 potions of lignification
 B - a potion of berserk rage {unknown}
 I - 5 potions of curing
 J - a potion of flight
 U - a potion of cancellation
Miscellaneous
 O - a condenser vane
 Q - a piece from Xom's chessboard (15/15)


   Skills:
 + Level 0.5 Fighting
 + Level 0.8 Armour
 * Level 7.0 Dodging
 - Level 5.1 Stealth
 * Level 15.0 Spellcasting
 * Level 13.7 Conjurations
 + Level 7.0 Hexes
 + Level 1.1 Translocations
 + Level 2.5 Fire Magic
 + Level 0.3 Ice Magic
 + Level 2.4 Air Magic
 + Level 1.2 Evocations


You had 3 spell levels left.
You knew the following spells:

 Your Spells              Type           Power      Damage    Failure   Level
a - Magic Dart            Conj           100%       1d8       0%          1
b - Searing Ray           Conj           100%       2d8       1%          2
c - Fulminant Prism       Conj/Hex       34%        3d16      1%          4
d - Foxfire               Conj/Fire      100%       2x1d9     1%          1
e - Iskenderun's Mystic   Conj/Tloc      58%        2d12      1%          4
f - Ensorcelled Hibernat  Hex/Ice        82%        N/A       1%          2
g - Fireball              Conj/Fire      30%        3d13      4%          5
h - Lightning Bolt        Conj/Air       39%        1d58      4%          5
i - Orb of Destruction    Conj           39%        9d11      12%         7
j - Iron Shot             Conj/Erth      28%        9d6       36%         6

Your spell library contained the following spells:

 Spells                   Type           Power      Damage    Failure   Level
 Mephitic Cloud           Conj/Pois/Air  67%        N/A       1%          3
 Dazzling Flash           Conj/Hex       100%       N/A       1%          3
 Blink                    Tloc           54%        N/A       4%          2
 Gell's Gravitas          Tloc           27%        N/A       8%          3
 Lesser Beckoning         Tloc           27%        N/A       8%          3
 Teleport Other           Tloc           27%        N/A       8%          3
 Call Canine Familiar     Summ           21%        N/A       12%         3
 Spider Form              Tmut/Pois      21%        N/A       12%         3
 Anguish                  Hex/Necr       20%        N/A       10%         4
 Animate Armour           Summ/Erth      42%        N/A       38%         4
 Manifold Assault         Tloc           27%        N/A       58%         5
 Blade Hands              Tmut           10%        N/A       75%         5
 Dispersal                Tloc           13%        N/A       99%         6
 Malign Gateway           Summ/Tloc      12%        N/A       100%        7


Dungeon Overview and Level Annotations

Branches:
Dungeon (12/15)            Temple (0/1) D:6            Lair (1/5) D:11
    Orc (0/2) D:10

Altars:
Ashenzari
Cheibriados
Elyvilon
Fedhas
Gozag
Hepliaklqana
Kikubaaqudgha
Okawaru
Sif Muna
Trog
Uskayaw
Vehumet
Wu Jian
Xom
Yredelemnul
Zin

Shops:
D:3 =   D:6 **


Message History

You feel your power returning.
You start resting.
Magic restored.
You start resting.
HP restored.
There is a staircase to the Lair, spattered with blood here.
You see here a wolf corpse.
It was a potion of cancellation.
You feel magically purged.
This spell is extremely dangerous to cast!
Memorise Iron Shot, consuming 6 spell levels and leaving 3?
You start memorising the spell.
You continue memorising. x6
You finish memorising.
Spell assigned to 'j'.
Okay, then.
You fly downwards.
Welcome back to the Lair of Beasts!
The yak bellows!
You hear a bellow!
The black mamba bites you.
You are poisoned.
The black mamba poisons you! The black mamba barely misses you.
The wolf barely misses you.
The cane toad stings you but does no damage.
The yak gores you. The death yak gores you. The black mamba bites you.
The wolf barely misses you. The wolf misses you. The cane toad stings you!
There is a staircase back to the Dungeon, spattered with blood here.
You feel very sick.
The black mamba bites you but does no damage.
The wolf bites you but does no damage.
The five-headed hydra closely misses you. x2
The five-headed hydra barely misses you.
The five-headed hydra bites you.
The five-headed hydra bites you but does no damage.
The wolf bites you but does no damage. The yak gores you but does no damage.
The death yak closely misses you. The black mamba bites you!
* * * LOW HITPOINT WARNING * * *
You are more poisoned.
The black mamba poisons you! The cane toad stings you.
* * * LOW HITPOINT WARNING * * *
You are more poisoned.
The cane toad poisons you! The wolf barely misses you.
You fly upwards.
Welcome back to the Dungeon!
You die...

##.#.....)......................#
..##............................#
...#............................#
..#.................###########.#
###.......####.....############.#
..#.......##.........##.........#
...###....#...........#.........#
..## #...#.....DYh......#########
##.###.........F@h......#
#...##..##.....YS......##########
#...#...###...........#.........#
#...#.....##.........##.........#
##.###########.....##############
..## #............#
...#######............###########
..#...........[.)...............#
###.............................#


You could see a death yak, a five-headed hydra, a black mamba, a yak, a cane
toad and 2 wolves.

Vanquished Creatures
  2 two-headed ogres
  2 death yaks (D:11)
  An ugly thing (D:11)
  A cyclops (D:11)
  A gargoyle (D:11)
  Psyche (D:9)
  A cane toad (D:11)
  2 komodo dragons
  A troll (D:11)
  A shadow (D:9)
  A vampire (D:9)
  A wyvern (D:8)
  25 yaks
  4 steam dragons
  3 wargs (D:11)
  Edmund (D:4)
  2 acid dragons
  2 orc warriors
  3 sky beasts
  4 wolves (D:11)
  A centaur (D:6)
  2 ogres
  3 phantoms
  5 bullfrogs
  A kobold brigand (D:10)
  A necrophage (D:7)
  11 wights
  6 killer bees (D:11)
  7 howler monkeys
  A gnoll bouda (D:3)
  2 jellies
  2 hounds
  10 orc priests
  4 iguanas (D:5)
  14 orc wizards
  6 gnolls (D:3)
  10 adders
  2 white imps (D:7)
  An ufetubus (D:5)
  2 dart slugs
  36 orcs
  7 ball pythons
  4 bat zombies (D:10)
  9 endoplasms
  7 giant cockroaches
  18 goblins
  4 hobgoblins
  6 jackals
  12 kobolds
  A quokka (D:1)
  3 bats
  A kobold zombie (D:7)
  5 rats
  3 rat zombies (D:10)
  4 foxfires
  24 fulminant prisms
294 creatures vanquished.

Vanquished Creatures (collateral kills)
  A gnoll (D:3)
1 creature vanquished.

Vanquished Creatures (others)
  A wyvern (D:9)
  54 foxfires
  177 fulminant prisms
  A fungus (Lair:1)
  11 plants
244 creatures vanquished.

Grand Total: 539 creatures vanquished

Notes
Turn   | Place    | Note
-------+----------+-------------------------------------------
     0 | D:1      | snek11 the Deep Elf Conjurer began the quest for the Orb.
     0 | D:1      | Reached XP level 1. HP: 10/10 MP: 6/6
   410 | D:1      | Reached XP level 2. HP: 15/15 MP: 5/8
   486 | D:1      | Reached skill level 5 in Conjurations
   489 | D:1      | Learned a level 2 spell: Searing Ray
  1452 | D:1      | Reached XP level 3. HP: 19/19 MP: 5/9
  2246 | D:2      | Noticed an ogre
  2675 | D:2      | Killed an ogre
  2676 | D:2      | Reached skill level 4 in Spellcasting
  2676 | D:2      | Reached XP level 4. HP: 24/24 MP: 3/12
  2676 | D:2      | Reached XP level 5. HP: 28/28 MP: 3/13
  3063 | D:2      | Found a faded altar of an unknown god.
  3568 | D:3      | Reached skill level 5 in Spellcasting
  3731 | D:3      | Found a radiant altar of Vehumet.
  3758 | D:3      | Became a worshipper of Vehumet
  4504 | D:3      | Reached XP level 6. HP: 24/32 MP: 10/15
  5239 | D:3      | Found Hiploadi's Jewellery Emporium.
  5594 | D:3      | Learned a level 4 spell: Fulminant Prism
  6532 | D:4      | Noticed Edmund
  6558 | D:4      | Killed Edmund
  6559 | D:4      | Reached skill level 6 in Spellcasting
  6559 | D:4      | Reached XP level 7. HP: 24/36 MP: 10/18
  7049 | D:4      | Reached * piety under Vehumet
  7049 | D:4      | Offered knowledge of Foxfire by Vehumet.
  7486 | D:5      | Entered Level 5 of the Dungeon
  7647 | D:5      | Reached skill level 1 in Hexes
  8769 | D:5      | Found a bloodstained altar of Trog.
  8772 | D:5      | Reached skill level 7 in Spellcasting
  9341 | D:5      | Learned a level 1 spell: Foxfire
  9346 | D:5      | Learned a level 4 spell: Iskenderun's Mystic Blast
  9766 | D:5      | Learned a level 2 spell: Ensorcelled Hibernation
  9867 | D:6      | Reached XP level 8. HP: 41/41 MP: 12/21
 10288 | D:6      | Reached skill level 1 in Fire Magic
 10866 | D:6      | Found a glowing silver altar of Zin.
 11178 | D:6      | Reached skill level 8 in Spellcasting
 11204 | D:6      | Found Baitty Ribb's Specific Store.
 11204 | D:6      | Found Emidath's General Store.
 11283 | D:6      | Bought a scroll of teleportation for 33 gold pieces
 11283 | D:6      | Bought a scroll of enchant armour for 82 gold pieces
 12019 | D:7      | Identified a scroll of acquirement
 12076 | D:5      | Acquired the Dissertation on Allied Conflict
 12086 | D:5      | Learned a level 5 spell: Fireball
 12092 | D:5      | Learned a level 5 spell: Lightning Bolt
 13406 | D:7      | Reached skill level 1 in Translocations
 13645 | D:6      | Reached skill level 9 in Spellcasting
 13773 | D:6      | Found a staircase to the Ecumenical Temple.
 14535 | D:7      | Found an iron altar of Okawaru.
 14575 | D:7      | Reached skill level 5 in Stealth
 14754 | D:7      | Reached XP level 9. HP: 46/46 MP: 14/24
 15307 | D:7      | Reached skill level 1 in Evocations
 15390 | D:7      | Reached skill level 1 in Air Magic
 16213 | D:7      | Found a snail-covered altar of Cheibriados.
 16318 | D:7      | Acquired the +7 Kryia's mail coat {PotionHeal*2 rC+}
 16318 | D:7      | Found the +7 Kryia's mail coat {PotionHeal*2 rC+}
 16698 | D:8      | Found a basalt altar of Yredelemnul.
 16792 | D:8      | Reached skill level 10 in Spellcasting
 16792 | D:8      | Reached skill level 5 in Hexes
 17337 | D:8      | Reached skill level 10 in Conjurations
 17577 | D:8      | Reached skill level 11 in Spellcasting
 17939 | D:8      | Found an opulent altar of Gozag.
 18061 | D:8      | Found a white marble altar of Elyvilon.
 18539 | D:8      | Reached XP level 10. HP: 50/51 MP: 5/27
 18721 | D:8      | Found a shimmering blue altar of Sif Muna.
 20007 | D:9      | Noticed Psyche
 20190 | D:9      | Reached skill level 5 in Dodging
 20627 | D:9      | Learned a level 7 spell: Orb of Destruction
 20856 | D:9      | Reached ** piety under Vehumet
 20856 | D:9      | Offered knowledge of Scorch by Vehumet.
 20994 | D:9      | Reached skill level 12 in Spellcasting
 21356 | D:9      | Killed Psyche
 21979 | D:9      | Identified the +8 hand axe "Uplinouv" {vorpal, rElec rF+}
 22023 | D:9      | Found a shimmering altar of Xom.
 22023 | D:9      | Found a shimmering altar of Xom.
 22024 | D:9      | Found a shimmering altar of Xom.
 22031 | D:9      | Found a shimmering altar of Xom.
 22032 | D:9      | Found a shimmering altar of Xom.
 22032 | D:9      | Found a shimmering altar of Xom.
 22042 | D:9      | Found a shimmering altar of Xom.
 22247 | D:9      | Found a broken altar of Ashenzari.
 22647 | D:9      | Noticed a jorogumo
 22650 | D:9      | Noticed a minotaur
 22650 | D:9      | a jorogumo changed into a minotaur
 22663 | D:9      | Noticed a swamp dragon
 22663 | D:9      | a tarantella changed into a swamp dragon
 22679 | D:9      | Noticed an eye of devastation
 22679 | D:9      | a swamp dragon changed into an eye of devastation
 22834 | D:10     | Entered Level 10 of the Dungeon
 22834 | D:10     | Found a staircase to the Orcish Mines.
 22885 | D:10     | Found an ornate altar of the Wu Jian Council.
 23184 | D:10     | Found an ancient bone altar of Kikubaaqudgha.
 23399 | D:10     | Found a hazy altar of Hepliaklqana.
 23486 | D:10     | Noticed a two-headed ogre
 23494 | D:10     | Killed a two-headed ogre
 23495 | D:10     | Reached skill level 13 in Spellcasting
 23787 | D:10     | Reached XP level 11. HP: 55/55 MP: 23/30
 23963 | D:10     | Found a blossoming altar of Fedhas.
 24562 | D:10     | Found a hide-covered altar of Uskayaw.
 25027 | D:11     | Noticed a cyan ugly thing
 26066 | D:11     | Killed a cyan ugly thing
 26416 | D:11     | Offered knowledge of Mephitic Cloud by Vehumet.
 26548 | D:11     | Reached skill level 14 in Spellcasting
 26754 | D:11     | Found a staircase to the Lair.
 26939 | D:11     | Noticed a two-headed ogre
 26944 | D:11     | Killed a two-headed ogre
 28229 | D:11     | Identified the +6 leather armour of the Lost Mouths {rElec
                  | rN+ rCorr Stlth-}
 29291 | Lair:1   | Entered Level 1 of the Lair of Beasts
 29291 | Lair:1   | Noticed a death yak
 29294 | Lair:1   | Noticed a death yak
 29295 | Lair:1   | Noticed a death yak
 30641 | D:11     | Killed a death yak
 30982 | D:11     | Killed a death yak
 31260 | Lair:1   | Noticed a five-headed hydra
 31267 | D:11     | Reached skill level 15 in Spellcasting
 31387 | D:11     | Learned a level 6 spell: Iron Shot
 31390 | D:11     | Succumbed to a cane toad's poison

Illustrated notes

Levels and vault maps discovered:
D:1:      minmay_arrival_up_and_down, layout_basic
D:2:      layout_loops_ring, basic_ecumenical_altar, minmay_pentomino_r4
D:3:      layout_basic, nicolae_overflow_crystal_walls, serial_shops,
          nicolae_shop_stone
D:4:      layout_cave_pools, uniq_edmund
D:5:      layout_loops_ring, lemuel_coloured_pillars_altar, dk_noncrumbling_4
D:6:      layout_gridville, zin_scriptorium, minmay_temple_entry_trees,
          nicolae_specific_store, centaur_isle
D:7:      layout_gridville, old_standard_altar, kennysheep_okawaru_gauntlet,
          enter_ossuary_3, enter_bailey_3
D:8:      layout_loops_cross, general_overflow_altar,
          mainiacjoe_overflow_alcove_4, amethyst_overflow_temple_binary
D:9:      layout_cave_pools, xom_shifter_show, evilmike_ruin_ashenzari,
          kennysheep_generic_room_7, uniq_psyche
D:10:     layout_irregular_city, lemuel_zombie_altar_kikubaaqudgha,
          kennysheep_mini, eat_drink_and_be_merry_uskayaw, old_standard_altar,
          nicolae_hepliaklqana_hazy_memory
D:11:     nicolae_cairo_tiling, layout_long_grid, erik_lair_orcish_takeover,
          minmay_misc_feat_alley, reono_crystal_passage
D:12:     minmay_klotski, layout_grid_maze, minivault_14, uniq_nergalle
Lair:1:   layout_chaotic_city

Skill      XL: |  1  2  3  4  5  6  7  8  9 10 11 |
---------------+----------------------------------+-----
Conjurations   | 5 6 7 9 10 12 13 | 13.7
Stealth        | 3 4 5 |  5.1
Spellcasting   | 4 5 6 7 9 11 13 15 | 15.0
Dodging        | 3 4 5 7 |  7.0
Hexes          | 4 5 6 7 |  7.0
Fire Magic     | 1 2 |  2.5
Translocations | 1 |  1.1
Evocations     | 1 |  1.2
Air Magic      | 1 2 |  2.4
Fighting       | |  0.5
Armour         | |  0.8
Ice Magic      | |  0.3

Action                   |  1- 3 |  4- 6 |  7- 9 | 10-12 || total
-------------------------+-------+-------+-------+-------++-------
Melee: Staff             |       |       |       |     5 ||     5
       Punch             |       |       |       |     1 ||     1
 Fire: Shortbow          |       |       |       |     2 ||     2
 Cast: Magic Dart        |    75 |    77 |   113 |    10 ||   275
       Searing Ray       |    10 |    26 |    35 |     6 ||    77
       Fulminant Prism   |       |    14 |    56 |   132 ||   202
       Foxfire           |       |       |    24 |     6 ||    30
       Iskenderun's Myst |       |       |     7 |     7 ||    14
       Lightning Bolt    |       |       |     8 |    31 ||    39
       Fireball          |       |       |    12 |    13 ||    25
       Ensorcelled Hiber |       |       |     4 |       ||     4
       Orb of Destructio |       |       |       |    12 ||    12
Evoke: Wand              |       |     4 |     6 |       ||    10
       Piece from Xom's  |       |       |       |     1 ||     1
  Use: Potion            |       |     3 |     3 |     7 ||    13
       Scroll            |       |       |    16 |     4 ||    20
Armor: Robe              |     4 |     4 |     3 |     5 ||    16
       Leather armour    |       |       |       |    18 ||    18
Dodge: Dodged            |     6 |    21 |    26 |    40 ||    93
